 Dungeon Crawl Stone Soup version 0.27-a0-488-g88baaf19db (webtiles) character file.

Game seed: 13218927788366495265

309 Klosterheim the Ruffian (level 6, -1/57 HPs)
             Began as a Troll Gladiator on Mar 1, 2021.
             Shot with an arrow by a centaur (10 damage)
             ... on level 5 of the Dungeon.
             The game lasted 00:05:40 (2926 turns).

Klosterheim the Ruffian (Troll Gladiator)           Turns: 2926, Time: 00:05:40

Health: -1/57      AC:  4    Str: 25    XL:     6   Next: 17%
Magic:  5/5        EV: 10    Int:  4    God:
Gold:   214        SH:  0    Dex: 11    Spells: 5/5 levels left

rFire    . . .     SeeInvis .     - Unarmed
rCold    . . .     Faith    .   (no shield)
rNeg     . . .     Spirit   .   a - +0 robe
rPois    .         Reflect  .   b - +0 hat
rElec    .         Harm     .   (no cloak)
rCorr    .         Rampage  .   (gloves unavailable)
Will     .....                  (boots unavailable)
Stlth    +.........             s - amulet of magic regeneration
HPRegen  1.19/turn              (no ring)
MPRegen  0.34/turn              (no ring)

@: no status effects
A: large, unfitting armour, claws 3, regeneration 1, shaggy fur 1, tough skin 1
a: no special abilities


You were on level 5 of the Dungeon.
You visited 1 branch of the dungeon, and saw 5 of its levels.

You collected 214 gold pieces.

Inventory:

Missiles
 c - 3 throwing nets (quivered)
Armour
 a - a +0 robe (worn)
 b - a +0 hat (worn)
Jewellery
 s - an amulet of magic regeneration (around neck)
Wands
 m - a wand of flame (16)
 n - a wand of mindburst (10)
 v - a wand of polymorph (13)
 w - a wand of paralysis (6)
Scrolls
 i - 2 scrolls of noise
 l - a scroll of fog
Potions
 e - a potion of heal wounds {unknown}
 f - a potion of degeneration {unknown}
 g - 4 potions of curing
 h - a potion of attraction
 k - a potion of flight {unknown}
 p - a potion of ambrosia {unknown}
 q - a potion of mutation {unknown}
 r - a potion of cancellation {unknown}
 t - a potion of invisibility {unknown}
 u - 2 potions of might {unknown}


   Skills:
 - Level 2.0 Fighting
 - Level 2.0 Throwing
 - Level 3.0 Dodging
 * Level 6.4 Unarmed Combat


You had 5 spell levels left.
You didn't know any spells.
Your spell library contained the following spells:

 Spells                   Type           Power        Failure   Level
 Magic Dart               Conj           0%           50%         1
 Blink                    Tloc           N/A          65%         2
 Call Imp                 Summ           0%           65%         2
 Slow                     Hex            0%           65%         2
 Conjure Flame            Conj/Fire      0%           86%         3
 Mephitic Cloud           Conj/Pois/Air  0%           86%         3


Dungeon Overview and Level Annotations

Branches:
Dungeon (5/15)
 Temple: D:4-7

Altars:
Fedhas
Kikubaaqudgha
Sif Muna
Uskayaw
Yredelemnul
Zin

Shops:
D:4 (


Innate Abilities, Weirdness & Mutations

You are too large for most types of armour.
You have claws for hands.
Your natural rate of healing is unusually fast.
You are covered in fur. (AC +1)
You have tough skin. (AC +1)


Message History

You are too injured to fight recklessly!
You are too injured to fight recklessly!
You are too injured to fight recklessly!
You are too injured to fight recklessly!
You are too injured to fight recklessly!
You are too injured to fight recklessly!
You are too injured to fight recklessly!
You are too injured to fight recklessly!
You are too injured to fight recklessly!
You are too injured to fight recklessly!
You are too injured to fight recklessly!
You are too injured to fight recklessly!
You are too injured to fight recklessly!
You are too injured to fight recklessly!
You are too injured to fight recklessly!
You are too injured to fight recklessly!
You are too injured to fight recklessly!
You are too injured to fight recklessly!
Unknown command.
A centaur comes into view.
The ufetubus barely misses you. x2
The ufetubus hits you but does no damage. x2
The ufetubus hits you. x2
The ufetubus completely misses you. The ufetubus hits you.
The centaur wields a +0 shortbow.
The centaur shoots an arrow.
The arrow barely misses you.
The ufetubus hits you but does no damage.
The ufetubus closely misses you.
The centaur unwields a +0 shortbow.
The centaur closely misses you.
The centaur wields a +0 shortbow.
The centaur shoots an arrow.
The arrow hits you!
* * * LOW HITPOINT WARNING * * *
The centaur wields a +0 shortbow.
The centaur shoots an arrow.
The arrow hits you!
* * * LOW HITPOINT WARNING * * *
The ufetubus completely misses you.
The ufetubus hits you but does no damage.
The centaur shoots an arrow.
The arrow barely misses you.
The centaur shoots an arrow.
The arrow hits you!
You die...

)..........##
#.......#n.##
.........##..##
............o.##
.....##..####.c##
###.. #... #.c.##
.. .....
#.#.5###.###
#....
...#......... #
#####.@#######
#.#<...# #.####.#
#.####.# #......#
########


You could see an orc warrior, a necrophage, 2 centaurs and an ufetubus.

Vanquished Creatures
  Eustachio (D:4)
  2 worker ants
  5 adders
  An ufetubus (D:5)
  A worm (D:3)
  2 dart slugs (D:1)
  A leopard gecko (D:4)
  2 orcs (D:3)
  5 bats
  5 giant cockroaches
  7 goblins
  5 hobgoblins
  7 jackals (D:3)
  A quokka (D:4)
  2 ball pythons (D:3)
  4 frilled lizards
  9 kobolds
  8 rats
68 creatures vanquished.

Notes
Turn   | Place    | Note
-------+----------+-------------------------------------------
     0 | D:1      | Klosterheim the Troll Gladiator began the quest for the
                  | Orb.
     0 | D:1      | Reached XP level 1. HP: 19/19 MP: 0/0
   346 | D:1      | Reached XP level 2. HP: 28/28 MP: 1/1
   804 | D:2      | Reached XP level 3. HP: 32/35 MP: 2/2
   827 | D:2      | Found a blossoming altar of Fedhas.
   924 | D:2      | Found a shimmering blue altar of Sif Muna.
  1164 | D:2      | Reached skill level 4 in Unarmed Combat
  1223 | D:3      | Reached XP level 4. HP: 37/42 MP: 3/3
  1413 | D:3      | Found a hide-covered altar of Uskayaw.
  1570 | D:3      | Found an ancient bone altar of Kikubaaqudgha.
  1581 | D:3      | Found a glowing silver altar of Zin.
  1972 | D:4      | Found a basalt altar of Yredelemnul.
  2092 | D:4      | Reached skill level 5 in Unarmed Combat
  2156 | D:4      | Found Celoe's Weapon Shop.
  2166 | D:4      | Reached XP level 5. HP: 42/49 MP: 4/4
  2653 | D:4      | Noticed Eustachio
  2682 | D:4      | Killed Eustachio
  2683 | D:4      | Reached skill level 6 in Unarmed Combat
  2683 | D:4      | Reached XP level 6. HP: 52/57 MP: 5/5
  2875 | D:5      | Entered Level 5 of the Dungeon
  2910 | D:5      | Noticed an orc warrior
  2926 | D:5      | Shot with an arrow by a centaur

Illustrated notes

Levels and vault maps discovered:
D:1:      dpeg_arrival_connections, layout_basic
D:2:      layout_basic, overflow_temple_1_default, led_sif_pool, st_stairs_10
D:3:      minmay_general_purpose_star, layout_rooms, zin_statuary,
          nicolae_overflow_crystal_walls, eat_drink_and_be_merry_uskayaw
D:4:      layout_basic, general_overflow_altar, serial_shops,
          nicolae_shop_stone, serial_rivers, chequers_serial_rivers_small_b,
          chequers_serial_rivers_micro_d, chequers_serial_rivers_large_b,
          chequers_serial_rivers_small_3, chequers_serial_rivers_room_a,
          uniq_eustachio
D:5:      black_bear_nest_2, layout_basic, minmay_manual_mandibuliform

Skill      XL: |  1  2  3  4  5 |
---------------+----------------+-----
Throwing       | 2 |  2.0
Fighting       | 2 |  2.0
Unarmed Combat | 4 5 6 |  6.4
Dodging        | 3 |  3.0

Action                   |  1- 3 |  4- 6 || total
-------------------------+-------+-------++-------
Melee: Unarmed           |    82 |    98 ||   180
       Punch             |       |     1 ||     1
  Use: Scroll            |       |     6 ||     6
       Potion            |       |     1 ||     1
 Stab: Sleeping          |     1 |     3 ||     4
Armor: Robe              |    27 |    50 ||    77
Dodge: Dodged            |    46 |    80 ||   126

Table legend: (Time is in decaauts)
 A = Elapsed time spent in this place.
 B = Non-inter-level travel time spent in this place.
 C = Inter-level travel time spent in this place.
 D = Time resting spent in this place.
 E = Time spent auto-exploring this place.
 F = Levels seen in this place.
 G = Mean time per level.
                   A        B        C        D        E       F      G
               +--------+--------+--------+--------+--------+-----+--------+
         Total |   2948 |   2796 |    152 |      5 |   2344 |   5 |  589.6 |
       Dungeon |   2948 |   2796 |    152 |      5 |   2344 |   5 |  589.6 |
               +--------+--------+--------+--------+--------+-----+--------+

Top non-repeatable levels by time:
     D:4: 1003 daAuts
     D:1: 725 daAuts
     D:3: 687 daAuts
     D:2: 482 daAuts
     D:5: 50 daAuts
